 Dungeon Crawl Stone Soup version 0.25.1-4-g9407a263a5 (console) character file.

Game seed: 647516955541352565

14987 Kagalorn the Cruncher (level 12, -3/97 HPs)
             Began as a Human Gladiator on Nov 28, 2020.
             Was an Initiate of Gozag.
             Killed from afar by a gargoyle (22 damage)
             ... with a stone arrow
             ... in a volcano.
             The game lasted 00:32:33 (12776 turns).

Kagalorn the Cruncher (Human Gladiator)            Turns: 12776, Time: 00:32:33

Health: -3/97      AC: 15    Str: 19    XL:     12   Next: 52%
Magic:  16/16      EV: 10    Int:  4    God:    Gozag
Gold:   1043       SH:  0    Dex: 16    Spells: 11/11 levels left

rFire    + . .     SeeInvis .   a - +1 quarterstaff
rCold    . . .     Gourm    .   (shield currently unavailable)
rNeg     . . .     Faith    .   A - +2 chain mail {rPois}
rPois    +         Spirit   .   c - +0 helmet
rElec    .         Reflect  .   (no cloak)
rCorr    .         Harm     .   y - +0 pair of gloves
MR       .....                  j - +0 pair of boots
Stlth    ..........             E - amulet of regeneration
HPRegen  0.66/turn              x - -4 ring of intelligence (curse)
MPRegen  0.15/turn              N - ring of protection from fire

@: no status effects
A: no striking features
a: Potion Petition, Call Merchant, Bribe Branch, Renounce Religion


You were in a volcano.
You worshipped Gozag.
Gozag was most pleased with you.
You were not hungry.

You visited 3 branches of the dungeon, and saw 13 of its levels.
You also visited: Volcano.

You collected 1193 gold pieces.
You paid 150 gold pieces to Gozag.

Inventory:

Hand Weapons
 a - a +1 quarterstaff (weapon)
Missiles
 g - 108 sling bullets
 l - 577 stones (quivered)
Armour
 c - a +0 helmet (worn)
 j - a +0 pair of boots (worn)
 y - a +0 pair of gloves (worn)
 A - a +2 chain mail of poison resistance (worn)
Jewellery
 w - an uncursed ring of ice
 x - a cursed -4 ring of intelligence (left hand)
 C - an uncursed ring of resist corrosion
 E - an amulet of regeneration (around neck)
 G - an uncursed ring of positive energy
 J - a +6 ring of strength
 N - a ring of protection from fire (right hand)
 O - an uncursed ring of poison resistance
Wands
 i - a wand of acid (4)
 s - a wand of digging (6)
 D - a wand of clouds (6)
 F - a wand of enslavement (10)
 H - a wand of iceblast (23)
 K - a wand of paralysis (10)
 P - a wand of polymorph (11)
Scrolls
 e - 2 scrolls of fear
 k - 3 scrolls of remove curse
 o - a scroll of identify
 r - a scroll of magic mapping
 u - 5 scrolls of teleportation
 v - 2 scrolls of enchant weapon
 I - 3 scrolls of blinking
 L - a scroll of amnesia
Potions
 b - 3 potions of curing
 d - 5 potions of brilliance
 h - a potion of haste
 m - a potion of resistance
 n - 3 potions of flight
 p - 3 potions of cancellation
 q - 2 potions of heal wounds
 t - 3 potions of stabbing
 z - a potion of invisibility
 B - a potion of ambrosia
 M - 2 potions of lignification
 Q - a potion of might
Comestibles
 f - 19 rations


   Skills:
 - Level 10.0 Fighting
 - Level 14.0 Staves
 - Level 2.0 Throwing
 + Level 4.4 Armour
 + Level 5.5 Dodging
 * Level 6.5 Evocations


You had 11 spell levels left.
You didn't know any spells.
Your spell library contained the following spells:

 Spells                   Type           Power        Failure   Level  Hunger
 Bolt of Magma            Conj/Fire/Erth #.........   100%        5    ######.
 Iskenderun's Battlesphe  Conj/Chrm      #.......     100%        5    ######.
 Iron Shot                Conj/Erth      #.........   100%        6    #######
 Orb of Destruction       Conj           #.........   100%        7    #######
 Spellforged Servitor     Conj/Summ      #.........   100%        7    #######


Dungeon Overview and Level Annotations

Branches:
Dungeon (11/15)            Temple (1/1) D:6            Lair (1/6) D:11
Volcano (1/1)
    Orc: D:9-12

Altars:
Ashenzari
Cheibriados
Dithmenos
Elyvilon
Fedhas
Gozag
Hepliaklqana
Kikubaaqudgha
Makhleb
Nemelex Xobeh
Okawaru
Qazlal
Ru
Sif Muna
Trog
Uskayaw
Vehumet
Wu Jian
Xom
Yredelemnul
Zin
The Shining One

Shops:
D:7 %


Message History

The gargoyle closely misses you.
You hit the gargoyle but do no damage.
The gargoyle is severely damaged.
You hit the gargoyle but do no damage.
The gargoyle is severely damaged.
The gargoyle hits you with a +0 mace!
* * * LOW HITPOINT WARNING * * *
You close the door.
Something unseen opens the door.
You feel much better.
You hit the gargoyle.
The gargoyle is almost destroyed.
The gargoyle hurls a stone arrow at you.
The stone arrow hits you!!
* * * LOW HITPOINT WARNING * * *
You hit the gargoyle.
The gargoyle is almost destroyed.
The gargoyle hurls a stone arrow at you.
The stone arrow hits you!!
You die...
Your body crumbles into a pile of gold.

## ###..## ##....$§#
########.....§≈≈ ###
#..⌠.@#..#
#.##########.....9.##
.≈+...8....'.....###
..+...)....'..∩..+
.§+...8....'.....#
#.##########.....#
### #..⌠..# # #####+#
$


You could see a gargoyle.

Vanquished Creatures
  Snorg (D:10)
  2 two-headed ogres (D:9)
  3 unseen horrors
  An ugly thing (D:11)
  3 gargoyles
  Maggie (D:7)
  A centaur skeleton (D:11)
  A komodo dragon (Lair:1)
  An efreet (D:11)
  A troll (D:11)
  Grinder (D:6)
  A slime creature (D:11)
  A hippogriff (D:9)
  2 flying skulls (Volcano)
  Sigmund (D:6)
  Eustachio (D:4)
  9 yaks
  Grum (D:9)
  3 fire bats (Lair:1)
  A hungry ghost (D:9)
  3 wargs (D:10)
  Duvessa (D:5)
  2 water moccasins
  2 orc warriors
  2 sky beasts (D:11)
  A necrophage (D:9)
  A phantom (D:5)
  9 wolves
  4 ogres
  5 centaurs
  A big kobold (D:10)
  Blork the orc (D:6)
  6 bullfrogs
  Dowan (D:5)
  3 scorpions
  13 killer bees
  A spriggan skeleton (Volcano)
  A troll skeleton (Volcano)
  3 howler monkeys
  3 crimson imps (D:5)
  A bullfrog zombie (D:5)
  A centaur zombie (D:9)
  6 hounds
  4 jellies (D:11)
  A bullfrog skeleton (D:4)
  7 orc priests
  12 orc wizards
  Natasha (thrice) (D:2)
  8 worker ants
  A hound skeleton (D:4)
  2 howler monkey skeletons
  4 gnolls
  14 adders
  6 oozes
  An adder skeleton (D:4)
  6 worms
  2 dart slugs
  5 leopard geckos
  49 orcs
  4 giant cockroaches
  12 hobgoblins
  3 jackals (D:1)
  5 quokkas
  5 ball pythons
  8 bats
  6 frilled lizards
  6 goblins
  A jackal skeleton (D:8)
  14 kobolds
  6 rats
302 creatures vanquished.

Vanquished Creatures (others)
  A bullfrog skeleton (D:11)
1 creature vanquished.

Grand Total: 303 creatures vanquished

Notes
Turn   | Place    | Note
-------+----------+-------------------------------------------
     0 | D:1      | Kagalorn the Human Gladiator began the quest for the Orb.
     0 | D:1      | Reached XP level 1. HP: 16/16 MP: 1/1
    38 | D:1      | Reached XP level 2. HP: 10/22 MP: 2/2
   399 | D:1      | Reached XP level 3. HP: 28/28 MP: 3/3
   697 | D:2      | Reached skill level 4 in Staves
   775 | D:2      | Reached XP level 4. HP: 28/34 MP: 4/4
   857 | D:2      | Noticed Natasha
   866 | D:2      | Killed Natasha
   867 | D:2      | Reached XP level 5. HP: 29/41 MP: 5/5
   892 | D:2      | Noticed Natasha
   901 | D:2      | Killed Natasha
   994 | D:2      | Reached skill level 5 in Staves
  1082 | D:2      | Found a blossoming altar of Fedhas.
  1082 | D:2      | Found a shadowy altar of Dithmenos.
  1083 | D:2      | Found a shimmering altar of Xom.
  1116 | D:2      | Noticed Natasha
  1136 | D:2      | Killed Natasha
  1394 | D:2      | Found a shimmering blue altar of Sif Muna.
  1537 | D:3      | Reached XP level 6. HP: 27/47 MP: 1/6
  2569 | D:4      | Reached skill level 6 in Staves
  2601 | D:4      | Reached XP level 7. HP: 54/54 MP: 7/7
  2639 | D:4      | Noticed Eustachio
  2795 | D:4      | Killed Eustachio
  3010 | D:4      | Reached skill level 7 in Staves
  3269 | D:4      | Reached skill level 5 in Fighting
  3391 | D:4      | Reached XP level 8. HP: 52/62 MP: 8/8
  3829 | D:5      | Entered Level 5 of the Dungeon
  4048 | D:5      | You fall into a shaft and drop 3 floors!
  4063 | D:8      | Reached skill level 8 in Staves
  4279 | D:7      | Found an ancient bone altar of Kikubaaqudgha.
  4290 | D:6      | Noticed Grinder
  4316 | D:5      | Noticed Duvessa
  4316 | D:5      | Noticed Dowan
  4791 | D:5      | Killed Duvessa
  4813 | D:5      | Reached skill level 9 in Staves
  4837 | D:5      | Reached XP level 9. HP: 46/70 MP: 9/9
  5036 | D:5      | Killed Dowan
  5652 | D:6      | Killed Grinder
  5687 | D:6      | Found a staircase to the Ecumenical Temple.
  5702 | D:6      | Noticed Sigmund
  5744 | D:6      | Killed Sigmund
  5744 | D:6      | Reached skill level 10 in Staves
  6562 | D:6      | Found a burning altar of Makhleb.
  6564 | D:6      | Noticed a balrug
  6625 | D:6      | Noticed Blork the orc
  6636 | D:6      | Killed Blork the orc
  6758 | Temple   | Entered the Ecumenical Temple
  6854 | D:7      | Noticed Maggie
  6883 | D:7      | Killed Maggie
  6883 | D:7      | Reached skill level 11 in Staves
  6883 | D:7      | Reached XP level 10. HP: 35/80 MP: 10/10
  7530 | D:7      | Found a hazy altar of Hepliaklqana.
  7577 | D:7      | Found Ozxeux's Food Boutique.
  8245 | D:9      | Found an iron altar of Okawaru.
  8457 | D:9      | Noticed a two-headed ogre
  8488 | D:9      | Killed a two-headed ogre
  8488 | D:9      | Reached skill level 12 in Staves
  8569 | D:9      | Noticed a two-headed ogre
  8841 | D:9      | Killed a two-headed ogre
  8841 | D:9      | Reached XP level 11. HP: 15/89 MP: 11/11
  9301 | D:9      | Noticed Grum
  9319 | D:9      | Killed Grum
  9400 | D:10     | Entered Level 10 of the Dungeon
  9479 | D:10     | Reached skill level 13 in Staves
  9822 | D:10     | Killed an unseen horror
  9847 | D:10     | Reached skill level 10 in Fighting
 10028 | D:10     | Noticed Snorg
 10050 | D:10     | Killed Snorg
 10423 | Temple   | Became a worshipper of Gozag Ym Sagoz the Greedy
 10530 | D:11     | Reached skill level 14 in Staves
 10639 | D:11     | Reached skill level 1 in Evocations
 10668 | D:10     | Reached skill level 1 in Armour
 10857 | D:11     | Found a staircase to the Lair.
 10985 | D:11     | Killed an unseen horror
 11180 | D:11     | Killed an unseen horror
 11335 | D:11     | Reached XP level 12. HP: 97/97 MP: 14/14
 12214 | Lair:1   | Entered Level 1 of the Lair of Beasts
 12244 | Lair:1   | Reached skill level 5 in Evocations
 12341 | Lair:1   | Reached skill level 5 in Dodging
 12503 | Lair:1   | Found a dark tunnel.
 12555 | Volcano  | Entered a volcano
 12776 | Volcano  | Killed from afar by a gargoyle

Illustrated notes

Levels and vault maps discovered:
D:1:      scummos_arrival_simple_fountains, layout_basic
D:2:      layout_rooms, lemuel_blue_sif_altar,
          gammafunk_temple_overflow_forgotten, uniq_natasha
D:3:      layout_loops_ring, minmay_statues_item
D:4:      layout_gridville, kennysheep_boxes, uniq_eustachio
D:5:      layout_loops_ring, first_ration, uniq_duvessa
D:6:      layout_basic, makhleb_altar_promises_db, temple_pool_b, uniq_grinder,
          uniq_blork_the_orc, uniq_sigmund
D:7:      layout_loops_corners, lemuel_coloured_pillars_altar,
          kiku_gazebo_pond_becter, serial_shops, kennysheep_mini, uniq_maggie
D:8:      layout_rooms
D:9:      layout_gridville, lemuel_doored_altar, uniq_grum
D:10:     layout_basic, uniq_snorg
D:11:     layout_roguey, erik_lair_orcish_takeover,
          hangedman_little_slice_of_home, minmay_misc_feat_plants
Temple:   nicolae_temple_great_sept
Lair:1:   layout_gridlike, nicolae_volcano_entry_batcave
Volcano:  volcano_tomb [vts_original]

Skill      XL: |  1  2  3  4  5  6  7  8  9 10 11 12 |
---------------+-------------------------------------+-----
Staves         | 4 5 6 7 9 11 12 14 | 14.0
Fighting       | 3 4 5 6 7 9 10 | 10.0
Evocations     | 3 6 |  6.5
Armour         | 2 4 |  4.4
Dodging        | 4 5 |  5.5
Throwing       | |  2.0

Action                   |  1- 3 |  4- 6 |  7- 9 | 10-12 || total
-------------------------+-------+-------+-------+-------++-------
Melee: Quarterstaff      |   123 |   212 |   390 |   814 ||  1539
Throw: Stone             |       |       |     3 |     4 ||     7
Evoke: Wand              |       |       |       |     4 ||     4
  Use: Scroll            |       |       |    13 |    14 ||    27
       Potion            |       |       |     1 |     2 ||     3
 Stab: Paralysed         |       |       |       |     6 ||     6
       Distracted        |       |       |       |     3 ||     3
  Eat: Chunk             |       |     5 |     9 |     7 ||    21
       Ration            |       |       |     2 |     5 ||     7
Armor: Leather armour    |     8 |       |       |       ||     8
       Chain mail        |    50 |   128 |   154 |   345 ||   677
       Ring mail         |     2 |       |       |       ||     2
       Plate armour      |       |       |    66 |    16 ||    82
       Skin              |       |       |     2 |       ||     2
Dodge: Dodged            |    62 |    87 |   167 |   270 ||   586
